[Event "GrandPrix_30.05"]
[Site "Chess.com"]
[Date "2020.05.30"]
[Round "3"]
[White "Haapana"]
[Black "Winawer81"]
[Result "1-0"]
[WhiteElo "2373"]
[BlackElo "2146"]
[TimeControl "600+2"]
[EndTime "9:25:17 PDT"]
[Termination "Haapana won by resignation"]

1. d4 Nf6 2. c4 e6 3. Nf3 b6 4. g3 Bb7 5. Bg2 Be7 6. Nc3 O-O 7. O-O Na6 8. Bf4 d5 9. Ne5 c6 10. e4 Nc7 11. Qa4 Qe8 12. Rac1 b5 13. cxb5 Nxb5 14. exd5 Nxc3 15. Rxc3 cxd5 16. Nc6 Bxc6 17. Qxc6 Ne4 18. Bxe4 dxe4 19. Qxe4 Qa4 20. a3 Rad8 21. Be5 Rd5 22.
Rfc1 Bd6 23. Bxd6 Rxd6 24. Rc4 Qb3 25. Qc2 Qb6 26. Qc3 Rfd8 27. Rd1 a5 28. b4 axb4 29. axb4 h5 30. Rc5 h4 31. b5 h3 32. Kf1 Qb7 33. f3 Qd7 34. Kf2 Qe7 35. Qc4 Qf6 36. Rc8 Rxc8 37. Qxc8+ Kh7 38. Qc4 Qf5 39. Qd3 Kg6 40.
Qxf5+ Kxf5 41. Rb1 Rb6 42. Ke3 f6 43. g4+ Kg6 44.
Kf4 Kf7 45. Kg3 Ke7 46. Kxh3 Kd6 47. Kg3 Kd5 48. Rb4 g5 49. f4 gxf4+ 50. Kxf4 e5+ 51. dxe5 fxe5+ 52. Ke3 Kc5 53. Re4 Kd5 54. Rb4 Kc5 55. Rb1 Kd5 56. h4 Ke6 57. Ke4 Kf6 58. Kd5 e4 59. Kxe4 1-0

[Event "GrandPrix_30.05"]
[Site "Chess.com"]
[Date "2020.05.30"]
[Round "3"]
[White "khekhm"]
[Black "VMikhalevski"]
[Result "0-1"]
[WhiteElo "2422"]
[BlackElo "2685"]
[TimeControl "600+2"]
[EndTime "9:25:18 PDT"]
[Termination "VMikhalevski won on time"]

1. e4 e5 2. Nf3 Nc6 3. Bb5 g6 4. c3 Bg7 5. d4 exd4 6. cxd4 a6 7.
Ba4 b5 8. Bb3 d6 9. h3 Nf6 10.
O-O O-O 11. e5 dxe5 12. dxe5 Qxd1 13. Rxd1 Ne8 14. Bd5 Bb7 15. Be3 Rb8 16. Bc5 Nxe5 17. Bxb7 Rxb7 18. Nxe5 Bxe5 19. Bxf8 Kxf8 20. Nc3 c5 21. Rac1 c4 22. Rc2 Nf6 23. Rd8+ Kg7 24. Re2 Bxc3 25. bxc3 a5 26. g4 h6 27. Rd4 Rc7 28.
a3 Rc5 29. f3 g5 30. Kf2 Kf8 31. Ke1 h5 32. Kd2 h4 33. f4 gxf4 34. Rxf4 Rd5+ 35.
Kc2 Kg7 36. Ref2 Rd6 37. Rf5 Nd5 38. Rxf7+ Kg6 39. R7f3 Re6 40. Rd2 Re5 41. Kb2 Ne3 42. Rd8 Nd5 43. Rg8+ Kh7 44. Rb8 Re2+ 45. Kc1 b4 46. cxb4 axb4 47. axb4 Rh2 48. Rb5 Rh1+ 49. Kc2 Rh2+ 50. Kd1 Rh1+ 51. Ke2 Rh2+ 52. Ke1 Rh1+ 53. Rf1 Rxf1+ 54. Kxf1 Nf4 0-1

[Event "GrandPrix_30.05"]
[Site "Chess.com"]
[Date "2020.05.30"]
[Round "3"]
[White "GMStefanova"]
[Black "Poghosyan_Suren"]
[Result "1-0"]
[WhiteElo "2347"]
[BlackElo "2122"]
[TimeControl "600+2"]
[EndTime "9:25:21 PDT"]
[Termination "GMStefanova won by resignation"]

1. d4 Nf6 2. Nf3 c5 3. d5 e6 4. c4 b5 5. dxe6 fxe6 6. cxb5 d5 7. g3 Bd6 8. Bg2 O-O 9. O-O Nbd7 10. Ng5 Qe7 11. e4 h6 12. Nh3 Nxe4 13. Nf4 Ndf6 14.
Ng6 Qf7 15. Nxf8 Bxf8 16. Nc3 Bb7 17. a4 a5 18. Qe2 Nd6 19. Bf4 Nf5 20. Rfe1 Nd4 21. Qd3 g5 22. Be5 Rc8 23. Bh3 g4 24.
Bg2 Nf5 25. Bxf6 Qxf6 26. Qe2 Ng7 27. Qxg4 c4 28. Qf3 Qg6 29. Ne2 e5 30. Nc3 e4 31.
Qe2 Bc5 32. Rad1 Rf8 33. Rf1 Qf5 34. Qd2 d4 35. Ne2 Ne6 36. Qxh6 Rf6 37. Qh4 Qe5 38. Nf4 Nxf4 39. gxf4 Rxf4 40. Qg3+ Kh8 41. Qh3+ Kg7 42.
Qg3+ Kh8 43. Qh3+ Kg7 44. Qg3+ Kf6 45. Qg8 d3 46. Qxc4 Qg5 47. Kh1 Rh4 48. Qc3+ Kg6 49. Rg1 Kh6 50. Qh8+ Kg6 51. Qg8+ Kf6 52. Qxg5+ Kxg5 53. Bxe4+ Kf6 54. Bxb7 Bd6 55. Rg2 Rh3 56. Be4 d2 57. Rxd2 Ke5 58. Bc6 Bc7 59. Rg3 Rh6 60. Kg2 Kf5 1-0

[Event "GrandPrix_30.05"]
[Site "Chess.com"]
[Date "2020.05.30"]
[Round "3"]
[White "chessdjw"]
[Black "DaggiGretarsson"]
[Result "0-1"]
[WhiteElo "2214"]
[BlackElo "2144"]
[TimeControl "600+2"]
[EndTime "9:25:24 PDT"]
[Termination "DaggiGretarsson won by resignation"]

1. e4 g6 2. d4 Bg7 3. Nc3 d6 4.
Be3 a6 5. Qd2 b5 6. h4 h5 7.
O-O-O Nd7 8. Kb1 Bb7 9. f3 Ngf6 10. Nh3 e6 11. Ng5 Qe7 12. Ne2 Nb6 13. b3 d5 14. e5 Nfd7 15. Nf4 c5 16. dxc5 Nxc5 17. Bd3 Qc7 18. Bxc5 Qxc5 19. Ngxe6 fxe6 20. Nxe6 Qe7 21. Bxg6+ Kd7 22. Bf5 Ke8 23. f4 Rh6 24. Nd4 Bf8 25. Rhe1 Qa3 26. Qd3 Bc8 27. Bg6+ Kd8 28. f5 Kc7 29.
Qc3+ Qc5 30. Qe3 Kb7 31. e6 Qe7 32. Bf7 Bg7 33. Qc3 Rb8 34. Qc6+ Ka7 35. Qc3 Bb7 36. Qe3 Qf6 37. c3 b4 38. cxb4 Rc8 39. Rd3 Bc6 40. Rc1 Bb5 41. Rxc8 Bxd3+ 42. Qxd3 Nxc8 43. Qc3 Kb7 44. Qc6+ Kb8 45. Qxa6 Qxd4 46. Qb5+ Nb6 47. Qe8+ Ka7 48.
Qe7+ Ka6 49. b5+ Kxb5 50. Be8+ Ka6 51. Qa3+ Na4 52. Qd6+ Qb6 53. Bb5+ Kxb5 54. bxa4+ Ka6+ 55. Qxb6+ Kxb6 56. e7 Rh8 57. Kc2 Bf6 58. Kd3 Bxe7 59. Kd4 Rd8 60. Ke5 d4 61. Ke6 Bxh4 62. f6 Bxf6 63.
Kxf6 d3 0-1

[Event "GrandPrix_30.05"]
[Site "Chess.com"]
[Date "2020.05.30"]
[Round "3"]
[White "A_N_D-R_E_I"]
[Black "Borisss85"]
[Result "1-0"]
[WhiteElo "2081"]
[BlackElo "2114"]
[TimeControl "600+2"]
[EndTime "9:25:28 PDT"]
[Termination "A_N_D-R_E_I won by resignation"]

1. e4 c5 2. Nf3 e6 3. d4 cxd4 4. Nxd4 a6 5. Nc3 Qc7 6. Bd3 Nc6 7. Nxc6 dxc6 8. O-O e5 9. f4 Nf6 10. fxe5 Bc5+ 11.
Kh1 Ng4 12. Qf3 Nxe5 13. Qg3 f6 14. Bf4 Bd6 15. a4 Be6 16. a5 O-O-O 17. Qe3 h5 18. Na4 Kb8 19. Nc5 Bc8 20. h3 Nxd3 21. Bxd6 Qxd6 22.
Nxd3 Rhe8 23. Ra4 h4 24. Rb4 Re7 25. Qb6 Ka8 26. Nc5 Qc7 27. Qxc7 Rxc7 28. Rf4 Rd2 29. Rc4 Re7 30. Rxh4 Ka7 31. Rh8 Be6 32. Rc3 f5 33. Na4 Red7 34. Nc5 Re7 35. e5 f4 36. Na4 Red7 37. Nc5 Re7 38. Ne4 Rd1+ 39.
Kh2 Bd5 40. Nd6 Rxe5 41. Nc8+ Kb8 42. Nb6+ Kc7 43. Rc8+ Kd6 44. Rd8+ Ke7 45. Rd7+ Kf6 46. Nxd5+ Rexd5 47. Rxb7 R5d2 48. Rxc6+ Ke5 49. Rxg7 Rb1 50.
Rxa6 Rxb2 51. Raa7 Rbxc2 52. Rae7+ Kf6 53. Ref7+ Ke5 54. a6 Ra2 55. a7 Ke6 56. h4 Ke5 57. h5 Rd8 58. h6 Rh8 59. h7 Ra6 60. Kg1 Ke4 61. Rg8 1-0

[Event "GrandPrix_30.05"]
[Site "Chess.com"]
[Date "2020.05.30"]
[Round "3"]
[White "LuckyLuka04"]
[Black "GM_dmitrij"]
[Result "0-1"]
[WhiteElo "2174"]
[BlackElo "2481"]
[TimeControl "600+2"]
[EndTime "9:25:29 PDT"]
[Termination "GM_dmitrij won by resignation"]

1. d4 Nf6 2. Nf3 e6 3. Bf4 d5 4. e3 Bd6 5. Bg3 c5 6. c3 Qc7 7. Nbd2 Nbd7 8. Bd3 O-O 9. O-O b6 10. e4 cxd4 11. Bxd6 Qxd6 12. cxd4 dxe4 13. Nxe4 Qe7 14.
Ng3 Bb7 15. a3 Rfd8 16. Qe2 Nf8 17. Rfd1 Ng6 18. Bxg6 hxg6 19. Ne5 Rd6 20. f3 Rad8 21. Qf2 Nd7 22. Nc4 Rc6 23. Ne3 Nf6 24. Ne4 Nxe4 25. fxe4 Rc7 26. d5 exd5 27. exd5 Rcd7 28. Re1 Qf8 29. Rad1 Bxd5 30. Nxd5 Rxd5 31. Rxd5 Rxd5 32.
h3 g5 33. Qf3 Qd8 34. Qe4 g6 35. Qe8+ Qxe8 36. Rxe8+ Kg7 37. Re7 a5 38. Re2 Rb5 39. Kf2 Rb3 40. Ke1 f5 41. Kd1 f4 42. Kc2 a4 43. Rd2 Rg3 44. Kc1 b5 45. Kd1 Kf6 46. Ke1 Ke5 47. Rc2 Kd4 48. Kf2 Rb3 49. Ke1 Rg3 50. Kf1 g4 51. hxg4 Rxg4 52. Rc7 g5 53.
Rc2 Rg3 54. Kf2 Rd3 55. Ke2 g4 56. Rc7 Rg3 57. Kf2 Rb3 58. Rc2 Kd3 59. Rc5 Rxb2+ 60.
Ke1 b4 61. axb4 a3 62. Rd5+ Kc4 63. Ra5 a2 0-1

[Event "GrandPrix_30.05"]
[Site "Chess.com"]
[Date "2020.05.30"]
[Round "3"]
[White "MaxVavulin"]
[Black "Saxar85"]
[Result "1-0"]
[WhiteElo "2248"]
[BlackElo "2438"]
[TimeControl "600+2"]
[EndTime "9:25:37 PDT"]
[Termination "MaxVavulin won by resignation"]

1. e4 d6 2. d4 g6 3. Nc3 Bg7 4. Bg5 h6 5. Bh4 a6 6. f4 b5 7.
Nf3 Bb7 8. Bd3 c5 9. dxc5 dxc5 10. e5 Nc6 11. Ne4 g5 12. fxg5 Nxe5 13. Nxe5 Bxe5 14. g6 Nf6 15. Nxf6+ exf6 16. Qh5 Qd4 17.
Bf2 Qd5 18. gxf7+ Kf8 19. Be2 Bxb2 20. Bxc5+ Kg7 21. f8=Q+ Rhxf8 22. Bxf8+ Rxf8 23. Qxd5 Bxd5 24. Rd1 Bc3+ 25. Kf2 Bxa2 26. Rd6 Rc8 27. Bd3 a5 28. Bxb5 Be5 29. Rd7+ Kf8 30. Bd3 a4 31. Ke2 a3 32. Ra7 Bb2 33. Rf1 Bd5 34. Rf5 a2 35. Rxd5 a1=Q 36. Rxa1 Bxa1 37. Rd7 Be5 38. h3 Rc7 39.
Rd8+ Ke7 40. Rh8 Bf4 41. Kf3 Bc1 42. Kg4 Rc5 43. Rh7+ Kd6 44. Ra7 Bg5 45. h4 Bd2 46.
Rf7 Ke6 47. Rb7 Ra5 48. Kf3 Ra4 49. g3 Ra5 50. Bg6 Ra3+ 51. Kg4 Be1 52. Bf5+ Kd6 53. Bd3 Ra4+ 54. Kf3 Bd2 55. Rb6+ Ke7 56. Rc6 Ra5 57. Bc4 Re5 58. Bb3 Re3+ 59. Kf2 Re5 60. Bc4 Be1+ 61. Kf3 Rf5+ 62. Kg4 Rf2 63. Re6+ Kd7 64. Rxe1 1-0

[Event "GrandPrix_30.05"]
[Site "Chess.com"]
[Date "2020.05.30"]
[Round "3"]
[White "szachuspl"]
[Black "Paulz64"]
[Result "1/2-1/2"]
[WhiteElo "2347"]
[BlackElo "2179"]
[TimeControl "600+2"]
[EndTime "9:25:52 PDT"]
[Termination "Game drawn by agreement"]

1. d4 Nf6 2. c4 e6 3. Nf3 b6 4.
g3 Ba6 5. Qc2 d5 6. cxd5 exd5 7.
Bg2 Be7 8. O-O O-O 9. Bf4 c5 10.
Nc3 Nc6 11. Rfd1 c4 12. Ne5 Bb7 13. e4 Nb4 14. Qe2 dxe4 15. Qxc4 Rc8 16. Qb3 Nbd5 17. Nxe4 Nxf4 18. Nxf6+ gxf6 19. Bxb7 Ne2+ 20. Kf1 Nxd4 21. Rxd4 Qxd4 22. Nf3 Qc4+ 23. Qxc4 Rxc4 24. Re1 Bb4 25. Re2 Rd8 26. Kg2 Rc7 27. Ba6 Kf8 28. a3 Be7 29. Nh4 Rc5 30. b4 Re5 31. Rc2 f5 32. Nf3 Red5 33.
Rc7 R5d7 34. Rc4 Rd5 35. Rc7 R5d7 36. Rc4 Rd5 37. Rf4 Bf6 38. Bb7 R5d7 39. Bc6 Rd6 40. b5 Bb2 41. a4 Rf6 42. Nh4 Rd4 43. Rf3 f4 44. Rb3 fxg3 45. hxg3 Bc1 46. Nf3 Rdd6 47.
Ne5 Kg7 48. Rb4 Bh6 49. Rg4+ Rg6 50. Nxg6 hxg6 51. Re4 Kf6 52. a5 bxa5 53. f4 Rd2+ 54. Kh3 Bf8 55. Re8 Bc5 56. Rc8 Bb6 57. Rf8 Kg7 58.
Re8 a4 59. Re4 a3 60. Ra4 Bc5 61. f5 gxf5 62. Bd7 Kf6 63. Bc6 Bg1 64. Bg2 Bb6 65. Rxa3 Rd4 66. Rc3 f4 67. Rc6+ Kg5 68. gxf4+ Rxf4 69. Bd5 f5 70. Rc8 Rd4 71. Rg8+ Kf4 72. Bc6 Rd3+ 73.
Kh2 Rd2+ 74. Rg2 Rxg2+ 75. Kxg2 Ke3 76. Bb7 f4 1/2-1/2

[Event "GrandPrix_30.05"]
[Site "Chess.com"]
[Date "2020.05.30"]
[Round "3"]
[White "GadimbayliA"]
[Black "Iljin_Timofey"]
[Result "1-0"]
[WhiteElo "2520"]
[BlackElo "2266"]
[TimeControl "600+2"]
[EndTime "9:25:59 PDT"]
[Termination "GadimbayliA won by checkmate"]

1. e4 c5 2. Nf3 Nc6 3. Bb5 e6 4. Bxc6 bxc6 5. d3 Ne7 6. Nc3 Ng6 7. Ng5 f6 8. Nh3 Be7 9. f4 O-O 10. O-O d5 11. Qh5 Qe8 12. exd5 cxd5 13. f5 exf5 14. Nxd5 Qf7 15. Nxe7+ Qxe7 16. b3 Ne5 17. Bb2 g6 18. Qh4 Bb7 19. Rae1 Rae8 20. Qg3 Qd6 21. Nf4 Kf7 22. h3 Rg8 23. Ne2 h5 24. Nf4 g5 25. Nxh5 f4 26. Qf2 Kg6 27. Bxe5 fxe5 28. Ng3 Qd4 29. Ne4 Rc8 30. Qxd4 exd4 31. Nd6 Rc7 32.
Re6+ Kh5 33. Nxb7 Rxb7 34. Re5 Kh4 35. Kh2 Rf8 36. Re6 g4 37. Rxf4 Rxf4 38. g3+ Kg5 39. gxf4+ Kxf4 40. Re4+ Kf3 41. Rxg4 Re7 42. Rg3+ Ke2 43.
h4 Kd1 44. Rg2 a5 45. Kh3 Kc1 46. a4 Kb2 47. h5 Re1 48. Kg4 c4 49. dxc4 Rh1 50.
Kg5 Kc3 51. Kg6 d3 52. cxd3 Kxb3 53. h6 Kxa4 54. h7 Kb3 55. Kg7 a4 56. h8=Q Rxh8 57.
Kxh8 a3 58. c5 a2 59. Rxa2 Kxa2 60. c6 Kb3 61. c7 Kc3 62. c8=Q+ Kxd3 63. Qe6 Kd4 64. Kg7 Kc5 65. Kf6 Kd4 66. Ke7 Kc5 67. Qd6+ Kc4 68. Ke6 Kc3 69. Qd5 Kc2 70. Ke5 Kc3 71.
Qd4+ Kc2 72. Kd5 Kb3 73. Qc4+ Kb2 74. Kd4 Kb1 75. Kc3 Ka1 76. Qa4+ Kb1 77. Qb3+ Ka1 78. Qb2# 1-0

[Event "GrandPrix_30.05"]
[Site "Chess.com"]
[Date "2020.05.30"]
[Round "3"]
[White "mishanick"]
[Black "RitvarsReimanis"]
[Result "1-0"]
[WhiteElo "2928"]
[BlackElo "2141"]
[TimeControl "600+2"]
[EndTime "9:26:00 PDT"]
[Termination "mishanick won on time"]

1. d4 Nf6 2. c4 e6 3. Nf3 d5 4. Nc3 Nbd7 5. cxd5 exd5 6. Bg5 c6 7. e3 Be7 8. Bd3 O-O 9. Qc2 Re8 10. O-O Nf8 11. h3 Ng6 12. Rab1 Ne4 13. Bxe4 dxe4 14. Bxe7 Qxe7 15. Nd2 f5 16. b4 a6 17. d5 Bd7 18.
dxc6 Bxc6 19. b5 axb5 20. Nxb5 f4 21. Nd4 fxe3 22. fxe3 Qg5 23. Rbe1 Nh4 24. Re2 Bd5 25. a4 h6 26. Rf4 Rac8 27. Qb2 Rf8 28. Nxe4 Bxe4 29.
Rxe4 Rce8 30. Rg4 Qe7 31. Rf2 Qxe3 32. Rxg7+ Kh8 33. Nf5 Nxf5 34. Re7+ Qd4 35. Qxd4+ Nxd4 36. Rxf8+ Rxf8 37. Rxb7 Ra8 38. Rb4 Nc6 39. Rb6 Nd4 40. Rxh6+ Kg7 41. Rh4 Nf5 42. Rb4 Kf6 43. Kf2 Ke5 44. g4 Nd6 45. h4 Rf8+ 46. Ke3 Rf1 47. h5 Re1+ 48. Kf3 Rf1+ 49. Kg2 Ra1 50. Kh3 Ne4 51. Rb5+ Kf6 52. Rf5+ Kg7 53. a5 Ra3+ 54. Kh4 Ra1 55. g5 Rh1+ 56. Kg4 Rg1+ 57. Kf4 Nc3 58. Rc5 Rf1+ 59. Kg4 Ne2 60. h6+ Kg6 61. Rc6+ Kh7 62. Rc7+ Kg8 63. g6 Rg1+ 64. Kf5 Rf1+ 65. Ke5 Rf8 66. h7+ 1-0

[Event "GrandPrix_30.05"]
[Site "Chess.com"]
[Date "2020.05.30"]
[Round "3"]
[White "Nitzan_Steinberg"]
[Black "Arm-Akiba"]
[Result "1/2-1/2"]
[WhiteElo "2441"]
[BlackElo "2802"]
[TimeControl "600+2"]
[EndTime "9:26:00 PDT"]
[Termination "Game drawn - insufficient material"]

1. e4 e5 2. Nf3 Nc6 3. Bb5 a6 4. Ba4 Nf6 5. O-O Be7 6. Re1 b5 7. Bb3 O-O 8. a4 b4 9. a5 d6 10. c3 Rb8 11. Bc4 bxc3 12. dxc3 Na7 13. h3 Nb5 14.
Nbd2 c6 15. Bd3 Qc7 16. Nf1 Be6 17. Ng3 Nd7 18. Bg5 Qd8 19. Qd2 Nc5 20. Bc2 Nb3 21.
Bxb3 Bxb3 22. Bxe7 Qxe7 23. Qe3 Rfd8 24. Re2 Qf6 25.
Rd2 Re8 26. Re1 g6 27. Nh2 Qf4 28. Qd3 d5 29. Re3 Nd6 30. Ne2 Qg5 31. Nf3 Qf6 32. Qxa6 Nc4 33. exd5 e4 34. Nfd4 Nxd2 35. dxc6 Qe5 36.
c7 Qxc7 37. Qf6 Qe5 38. Qxe5 Rxe5 39. Nc6 Ree8 40. Nxb8 Rxb8 41. Nd4 Bd5 42. b4 f5 43.
Re2 Nb3 44. Nc2 f4 45. h4 Rc8 46. a6 Rxc3 47. b5 Rc5 48. Nb4 Rxb5 49. Nxd5 Rxd5 50. a7 Ra5 51. Rb2 Rxa7 52. Rxb3 Ra1+ 53. Kh2 Re1 54. h5 Kg7 55. hxg6 hxg6 56. Kh3 e3 57.
fxe3 fxe3 58. Kg3 Kh6 59. Kf3 Kg5 60. Rxe3 Rxe3+ 61. Kxe3 Kg4 62. Kf2 Kf4 63. Ke2 Kg3 64.
Kf1 g5 65. Kg1 g4 66. Kf1 Kh2 67. Kf2 Kh1 68. Kg3 Kg1 69. Kxg4 Kxg2 1/2-1/2

[Event "GrandPrix_30.05"]
[Site "Chess.com"]
[Date "2020.05.30"]
[Round "3"]
[White "Saqo007"]
[Black "KJakubowski"]
[Result "0-1"]
[WhiteElo "2139"]
[BlackElo "2393"]
[TimeControl "600+2"]
[EndTime "9:26:04 PDT"]
[Termination "KJakubowski won by resignation"]

1. d4 Nf6 2. c4 e6 3. Nc3 d5 4.
Bg5 Nbd7 5. e3 Be7 6. cxd5 exd5 7. Nf3 O-O 8. Bd3 c6 9. O-O Re8 10. Qc2 Nf8 11. Bxf6 Bxf6 12. b4 a6 13. a4 g6 14.
b5 a5 15. bxc6 bxc6 16. Rab1 Bg4 17. Nd2 Be7 18. Na2 Rc8 19. Ba6 Rc7 20. Qc3 Bd6 21.
Rfc1 Ne6 22. e4 dxe4 23. Nxe4 Nxd4 24. Rb8 Qxb8 25. Nf6+ Kf8 26. Qxd4 Bxh2+ 27. Kh1 Be5 28. Qc5+ Kg7 29. Nxg4 Rce7 30. Qxc6 Bb2 31. Rf1 Re1 32.
g3 Qb3 33. Ne3 R8xe3 34. fxe3 Rxf1+ 35. Bxf1 Qxa2 36. Bc4 Qb1+ 37. Kg2 Qc2+ 38. Kh3 h5 39. Qd5 Qf2 40. Qe4 Qf6 41. Qf4 Qe7 42. g4 Be5 43.
Qe4 hxg4+ 44. Qxg4 Bb8 45. Qd4+ Be5 46. Qd5 Qf6 47.
Kg2 Qf5 48. Qf3 Qc2+ 49. Be2 Qxa4 50. Qd5 Bf6 51. Bc4 Qe8 52. Qxa5 Qe4+ 53. Kf2 Qxc4 54. Qa8 Qh4+ 55. Ke2 Qg4+ 56. Kd3 Qf5+ 57. Ke2 g5 58.
e4 Qf4 59. Qd5 g4 60. Qd3 Be5 61. Qd7 Qxe4+ 62. Kf2 Qf3+ 63. Kg1 Bf6 64. Qc7 Qe3+ 65. Kh1 Be5 66. Qc2 Qf3+ 67. Kg1 Qg3+ 68. Kh1 Qh3+ 69. Kg1 Bd4+ 0-1

[Event "GrandPrix_30.05"]
[Site "Chess.com"]
[Date "2020.05.30"]
[Round "3"]
[White "Anton_Demchenko"]
[Black "Mesropov_Konstantin"]
[Result "1-0"]
[WhiteElo "2636"]
[BlackElo "2321"]
[TimeControl "600+2"]
[EndTime "9:26:08 PDT"]
[Termination "Anton_Demchenko won by resignation"]

1. d4 d5 2. Nf3 e6 3. Bf4 c6 4.
e3 f5 5. c4 Nf6 6. Nc3 Bd6 7.
Bxd6 Qxd6 8. Bd3 O-O 9. O-O Ne4 10. Ne2 Nd7 11. Rc1 Qe7 12. a3 Ndf6 13. Ne5 Bd7 14. b4 a6 15. f3 Nd6 16. c5 Nf7 17. a4 Be8 18. Qb3 Nd7 19. Nxd7 Bxd7 20. f4 Nh6 21. h3 Kh8 22. b5 axb5 23. axb5 Ng8 24. Ra1 Nf6 25. b6 Rab8 26. Kh2 Be8 27. Ng1 Bh5 28. Qb2 h6 29. Be2 Bxe2 30. Qxe2 g5 31. Nf3 Rg8 32. Ne5 g4 33. Ra7 Nd7 34.
g3 Nxe5 35. fxe5 gxh3 36. Qh5 Kh7 37. Rf4 Rg6 38. Qxh3 Rbg8 39. Rf3 Rg5 40. Kg2 R8g7 41. Kf2 Qe8 42. Ke2 Rh5 43. Qg2 Qg6 44. Kd2 Rg5 45. Kc3 Rg4 46. Qh3 Qg5 47. Kb2 Re4 48. Ra3 Rg4 49. Ra7 Qg6 50. Kc3 f4 51. gxf4 Qb1 52. Qf1 Qe4 53. Qd3 h5 54. Rh3 h4 55.
Qxe4+ dxe4 56. f5 exf5 57. d5 cxd5 58. c6 Rg1 59. c7 Rc1+ 60. Kb2 Rc6 61. Rxb7 Kg6 62.
Rxh4 Kg5 63. Rh8 Re7 64. Rg8+ Kh4 65. Rg6 Rc4 66. c8=Q Rxc8 67. Rxe7 1-0

[Event "GrandPrix_30.05"]
[Site "Chess.com"]
[Date "2020.05.30"]
[Round "3"]
[White "Lavrov_Maxim"]
[Black "Baron_von_Koenig"]
[Result "1/2-1/2"]
[WhiteElo "2285"]
[BlackElo "2141"]
[TimeControl "600+2"]
[EndTime "9:26:10 PDT"]
[Termination "Game drawn by stalemate"]

1. e4 d5 2. exd5 Qxd5 3. Nc3 Qd6 4. Nf3 Nf6 5. d4 a6 6. Ne5 Nc6 7. Bf4 Nxd4 8. Bc4 Be6 9. Qd3 Bxc4 10. Qxc4 Nxc2+ 11. Ke2 Nd4+ 12. Kf1 Ne6 13. Rd1 Qc5 14.
Qb3 Qb6 15. Qa4+ c6 16. Nc4 Qc5 17. Be3 b5 18. Bxc5 bxa4 19. Be3 Rb8 20. Nxa4 Nd5 21. b3 g6 22. Ne5 Nxe3+ 23. fxe3 Bh6 24. Ke2 c5 25.
Rd5 O-O 26. Nxc5 Rb5 27. Ned3 Rc8 28. Rc1 Nxc5 29. Rdxc5 Ra8 30. Rc8+ Rxc8 31. Rxc8+ Kg7 32. Rc6 a5 33. Rc5 Rxc5 34. Nxc5 f5 35. Nb7 f4 36.
Nxa5 fxe3 37. Nc6 Kf6 38. a4 Ke6 39. a5 Kd6 40. Nd4 Kc5 41. a6 Kb6 42. Nc6 Kxa6 43. Nxe7 Bf4 44. g3 Bg5 45. Nd5 Ka5 46. Nxe3 Kb4 47. Nd5+ Kxb3 48. Kd3 Ka4 49. Ke4 Kb5 50. Ke5 Kc4 51. Ke4 Kb3 52. Nc7 Kc2 53. Ne6 Be7 54.
g4 Kd2 55. Kf3 Ke1 56. h3 Kf1 57. Nf4 Kg1 58. Nd5 Bd8 59. Kg3 Kh1 60. h4 Kg1 61. g5 Kf1 62. Nf6 h6 63. Kg4 hxg5 64. Kxg5 Kg2 65. Kxg6 Ba5 66. h5 Bd2 67. Ne4 Be3 68.
Ng5 Kg3 69. h6 Bd4 70. Ne6 Bh8 71. h7 Kh4 72. Kf7 Kh5 73. Kg8 Kg6 74. Kxh8 Kf7 75. Ng5+ Kf8 76. Ne4 Kf7 77. Nf6 Kf8 78. Ng8 Kf7 79.
Nh6+ Kf8 80. Ng4 Kf7 81. Nf2 Kf8 82. Ne4 Kf7 83. Ng5+ Kf8 84. Ne6+ Kf7 85. Nf8 Kxf8 1/2-1/2

[Event "GrandPrix_30.05"]
[Site "Chess.com"]
[Date "2020.05.30"]
[Round "3"]
[White "Yurovskykh_Alexander"]
[Black "Guenplen"]
[Result "1/2-1/2"]
[WhiteElo "2343"]
[BlackElo "2509"]
[TimeControl "600+2"]
[EndTime "9:26:12 PDT"]
[Termination "Game drawn - insufficient material"]

1. d4 d5 2. Bf4 c5 3. e3 Nc6 4. c3 Bf5 5. Nd2 e6 6. Ngf3 Qb6 7. Qb3 c4 8. Qxb6 axb6 9. e4 Bg6 10. exd5 exd5 11. a3 b5 12. Rc1 h6 13. Be2 Nf6 14.
O-O Be7 15. Rfe1 O-O 16. Ne5 Bh7 17. Ng4 Nxg4 18. Bxg4 Bg5 19. Bxg5 hxg5 20. Nf1 Rad8 21. g3 f5 22. Bf3 f4 23. Bg4 Rf6 24. Nd2 fxg3 25.
hxg3 Rdf8 26. f3 Kf7 27. Re3 Re8 28. Rce1 Rxe3 29. Rxe3 Bf5 30. Bxf5 Rxf5 31. Kg2 Rf6 32. Nf1 Rh6 33. Nh2 Re6 34. Ng4 Rxe3 35. Nxe3 Ne7 36. Kh3 Kf6 37. Kg4 Kg6 38. f4 gxf4 39. gxf4 Kf6 40.
f5 g6 41. fxg6 Kxg6 42. Ng2 Kf7 43. Nf4 Kf6 44. Nh5+ Ke6 45. Ng7+ Kd7 46. Kf4 Nc6 47.
Kf5 Kd6 48. Kf6 Kd7 49. Nf5 b6 50. Kf7 Nd8+ 51. Kf6 Nc6 52. Ne3 Kd6 53. Ng4 Na5 54.
Ne5 Nb3 55. Nf7+ Kd7 56. Ke5 Nc1 57. Kxd5 Nd3 58. Ne5+ Kc7 59. a4 bxa4 60. Kxc4 Nxb2+ 61. Kb4 Kd6 62. Ng4 Nd1 63. c4 Nb2 64. Ne3 a3 65.
Nc2 a2 66. Kb3 Nd3 67. Kxa2 Kc6 68. Kb3 b5 69. c5 Nxc5+ 70. dxc5 Kxc5 71. Na3 b4 72.
Nc2 Kd6 73. Nxb4 1/2-1/2

[Event "GrandPrix_30.05"]
[Site "Chess.com"]
[Date "2020.05.30"]
[Round "3"]
[White "Yuri202062"]
[Black "Tyoma88888"]
[Result "1/2-1/2"]
[WhiteElo "1987"]
[BlackElo "2134"]
[TimeControl "600+2"]
[EndTime "9:26:13 PDT"]
[Termination "Game drawn - insufficient material"]

1. d4 d5 2. c4 e6 3. Nc3 Nf6 4. cxd5 exd5 5. Bg5 c6 6. Qc2 Be7 7. e3 Nbd7 8. Bd3 h6 9. Bh4 Nh5 10. Bxe7 Qxe7 11. Nge2 Nb6 12. O-O O-O 13. Rae1 g6 14. Nc1 Ng7 15. f3 Be6 16. e4 Rad8 17. Qf2 dxe4 18.
Nxe4 Nf5 19. Ne2 Kg7 20. g4 Nd6 21. Nc5 Bc4 22. Ng3 Qf6 23. Bxc4 Nbxc4 24. b3 Nb6 25. Nge4 Nxe4 26. Rxe4 Rfe8 27. Rfe1 Rxe4 28. Rxe4 Rb8 29. Qg3 Rd8 30. Qc7 Rd6 31. Kg2 Nd5 32. Qxb7 Nf4+ 33. Kg3 Rxd4 34. Nd7 Qd6 35. Ne5 Rxe4 36. Qxf7+ Kh8 37.
Qe8+ Kg7 38. fxe4 Nd3 39. Qd7+ Qxd7 40. Nxd7 Nb4 41. Nb8 c5 42. Nd7 Nxa2 43. Nxc5 Kf6 44. Kf4 g5+ 45. Ke3 Nb4 46. Kd4 Nc6+ 47. Kd5 Ne5 48. h3 Ng6 49. Nd3 Ke7 50. e5 Nf8 51.
Ke4 Ng6 52. Kf5 Nh4+ 53. Ke4 Ng6 54. Kd5 Nf8 55. b4 Ne6 56. Ke4 Nf8 57. Kf5 Kf7 58. Nc5 Ke7 59. e6 a6 60. Nxa6 Nxe6 61. Kg6 Nf4+ 62.
Kxh6 Nxh3 63. Nc5 Kd6 64. Ne4+ Kc6 65. Nc3 Kb6 66. Kg6 Kc6 67. Kf5 Kd6 68. Ne4+ Kc6 69. Nxg5 Nf2 70. Ne4 Nxg4 71. Kxg4 Kb5 72. Nc3+ Kxb4 1/2-1/2

[Event "GrandPrix_30.05"]
[Site "Chess.com"]
[Date "2020.05.30"]
[Round "3"]
[White "VincentKeymer"]
[Black "igorkovalenko"]
[Result "0-1"]
[WhiteElo "2623"]
[BlackElo "2421"]
[TimeControl "600+2"]
[EndTime "9:26:15 PDT"]
[Termination "igorkovalenko won by resignation"]

1. Nf3 Nf6 2. c4 b6 3. d4 e6 4.
g3 Ba6 5. Qc2 Bb4+ 6. Bd2 c5 7.
Bg2 Nc6 8. O-O Bxd2 9. Nbxd2 cxd4 10. b4 Bb7 11. Qb2 Qc7 12. b5 Ne7 13. Qxd4 O-O 14.
Rfc1 Rac8 15. a4 Nf5 16. Qb2 Qc5 17. Nb3 Qb4 18. Qc3 Qe7 19. Nbd4 Nd6 20. Qb4 Rfe8 21. Ne5 Bxg2 22. Kxg2 Nfe4 23. Nd3 Nc5 24. Nf3 Rc7 25. a5 Rec8 26. axb6 axb6 27. Nxc5 Rxc5 28. Ra6 Qd8 29. Nd4 Qc7 30. Qb3 Nxb5 31. Nf3 Qb7 32. Rca1 Nd4 33. Qxb6 Qxb6 34. Rxb6 Nxf3 35. Kxf3 Rxc4 36.
Ra7 Rd4 37. Rbb7 Rd8 38. e4 f6 39. Ke3 Rd6 40. f4 Kf7 41. f5 e5 42. Rb3 Ke7 43.
Rc3 Rb8 44. Ra4 g6 45. g4 Rb1 46. Rc2 Re1+ 47. Re2 Rf1 48. Rc4 Rf4 49. fxg6 hxg6 50.
h3 g5 51. Rf2 Ra6 52. Rd2 Ra3+ 53. Ke2 Rxh3 54. Kd1 Rh1+ 55. Kc2 Rh8 56. Rg2 Rh4 57. Rd2 Rh8 58. Rg2 Ke6 59. Ra4 Rc8+ 60. Kd3 Rc6 61. Ke3 Rb6 62. Rd2 Rxg4 63. Ra7 Rd6 64. Rxd6+ Kxd6 65. Ra6+ Ke7 66. Kf3 Rf4+ 67. Ke3 Rh4 68. Ra1 Rh3+ 69.
Ke2 Ke6 70. Ra6+ d6 71. Rb6 g4 72. Kf2 Rf3+ 73. Ke2 Rf4 74. Ke3 g3 75. Rb2 f5 76.
exf5+ Kxf5 77. Rg2 Kg4 0-1

[Event "GrandPrix_30.05"]
[Site "Chess.com"]
[Date "2020.05.30"]
[Round "3"]
[White "aleksandrovaleksei"]
[Black "Meri-Arabidze"]
[Result "1/2-1/2"]
[WhiteElo "2472"]
[BlackElo "2170"]
[TimeControl "600+2"]
[EndTime "9:26:16 PDT"]
[Termination "Game drawn by repetition"]

1. d4 d5 2. c4 e6 3. Nc3 Nf6 4. cxd5 exd5 5. Bg5 c6 6. e3 Nbd7 7. Bd3 Be7 8. Nf3 O-O 9. Qc2 Re8 10. O-O Nf8 11.
Rab1 g6 12. b4 a6 13. a4 Ne6 14. Bh4 Ng7 15. b5 axb5 16. axb5 Bf5 17. bxc6 bxc6 18. Ne5 Bxd3 19. Qxd3 Rc8 20. Rb7 Rc7 21. Qa6 Qc8 22. Rb6 Nd7 23. Nxd7 Qxd7 24. Bg3 Ra7 25. Qd3 Nf5 26. Rfb1 Bd8 27. Ra6 Nxg3 28. hxg3 h5 29.
Rb8 Rb7 30. Rba8 Be7 31. Rxe8+ Qxe8 32. Qc2 Rb4 33. Ne2 Rc4 34. Qa2 Kg7 35. Nf4 Rc1+ 36. Kh2 Bd6 37. Nd3 Rc3 38. Qd2 Rc4 39. Kg1 Qe7 40.
Ne1 h4 41. gxh4 Qxh4 42. Nf3 Qe4 43. Ra1 Qf5 44. Rc1 g5 45. Qd1 g4 46. Nd2 Rxc1 47.
Qxc1 g3 48. fxg3 Bxg3 49. Nf3 Qd3 50. Kh1 Qe2 51. Ng1 Qh5+ 52. Nh3 Qh6 53. Kg1 Bh4 54. Qd2 Bg5 55. Nxg5 Qxg5 56. Qc3 Qf6 57. Qd3 Qg5 58. Qe2 f6 59. Qf3 Kf7 60. Kf2 Ke7 61. Qh3 Kd8 62. Qe6 Kc7 63. Qe7+ Kb6 64. Qc5+ Kc7 65. Qa7+ Kd6 66.
Qb8+ Kd7 67. Qh2 Qf5+ 68. Kg1 Qb1+ 69. Kf2 Qc2+ 70. Kg3 Qg6+ 71. Kf3 Qe4+ 72. Kf2 Qc2+ 73. Kf3 Qe4+ 74. Kf2 Qc2+ 1/2-1/2